 Dungeon Crawl Stone Soup version 0.31-a0-459-gc8a9bf3d51 (webtiles) character file.

Game seed: 5839523265734514755

6 Ethylacetat the Insei (level 1, -2/11 HPs)
             Began as a Vine Stalker Monk on Aug 4, 2023.
             Slain by a kobold
             ... wielding a +0 dagger
              (4 damage)
             ... on level 1 of the Dungeon.
             The game lasted 00:00:17 (173 turns).

Ethylacetat the Insei (Vine Stalker Monk)            Turns: 173, Time: 00:00:18

Health: -2/11      AC:  2    Str: 13    XL:     1   Next: 90%
Magic:  0/2        EV: 12    Int: 10    God:
Gold:   23         SH:  0    Dex: 16    Spells: 0/0 levels left

rFire   . .          .
                       - Unarmed
rCold   . . .        c - orb {light}
rNeg    . . .        a - +0 robe
rPois   .            (no helmet)
rElec   .            (no cloak)
rCorr   .            (no gloves)
SInv    .            (no boots)
Will    .....        (no amulet)
Stlth   +            (no ring)
HPRegen 0.21/turn    (no ring)
MPRegen 0.08/turn

%: guardian spirit
@: glowing
A: fangs 2, magic shield, antimagic bite, no potion heal 2
a: no special abilities


You were on level 1 of the Dungeon.
You visited 1 branch of the dungeon, and saw 1 of its levels.

You collected 23 gold pieces.

Inventory:

Armour
 a - a +0 robe (worn)
 c - an orb of light (worn)
Potions
 b - a potion of ambrosia


   Skills:
 + Level 2.8 Fighting
 - Level 2.5 Dodging
 * Level 3.1 Unarmed Combat
 + Level 0.0 Spellcasting


You couldn't memorise any spells.
You didn't know any spells.
Your spell library was empty.

Dungeon Overview and Level Annotations

Branches:
Dungeon (1/15)

Altars:


Innate Abilities, Weirdness & Mutations

You have extremely sharp teeth.
When hurt, damage is shared between your health and your magic reserves.
Your bite disrupts and absorbs the magic of your enemies.
Potions cannot restore your health.


Message History

You bite the ball python. You drain its power.
The ball python is severely wounded.
The ball python bites you. The ball python constricts you.
You hit the ball python. You bite the ball python.
You kill the ball python!
A goblin comes into view. It is wielding a +0 dagger.
The goblin shouts!
You hear a shout!
A frilled lizard comes into view.
The goblin closely misses you.
You hit the goblin.
You kill the goblin!
You hit the frilled lizard.
You kill the frilled lizard!
Things that are here:
a +0 dagger; a goblin corpse
Found an escape hatch in the floor.
There is an escape hatch in the floor here.
A kobold comes into view. It is wielding a +0 dagger.
The kobold shouts!
A kobold is nearby!
You hit the kobold but do no damage. You bite the kobold, but do no damage.
The kobold hits you with a +0 dagger.
You barely miss the kobold. You bite the kobold, but do no damage.
The kobold hits you with a +0 dagger.
You hit the kobold but do no damage. The kobold hits you with a +0 dagger.
A kobold is nearby!
You are too injured to fight recklessly!
A kobold is nearby!
You are too injured to fight recklessly!
A kobold is nearby!
You are too injured to fight recklessly!
You are too injured to fight recklessly!
You hit the kobold but do no damage. You bite the kobold, but do no damage.
The kobold hits you with a +0 dagger.
* * * LOW HITPOINT WARNING * * *
You hit the kobold but do no damage. The kobold hits you with a +0 dagger.
* * * LOW HITPOINT WARNING * * *
You barely miss the kobold. The kobold hits you with a +0 dagger.
You hit the kobold but do no damage. The kobold hits you with a +0 dagger.
You die...

### ..# #
#######.##.#
.........#.####
.......K.......
#.#.@.#
#....###
###....########
#...>........
####.########
#.# #.# #.#
.#######.#


You could see a kobold.

Vanquished Creatures
  A ball python (D:1)
  3 goblins (D:1)
  A frilled lizard (D:1)
  A rat (D:1)
6 creatures vanquished.

Notes
Turn   | Place    | Note
-------+----------+-------------------------------------------
     0 | D:1      | Ethylacetat the Vine Stalker Monk began the quest for the
                  | Orb.
     0 | D:1      | Reached XP level 1. HP: 11/11 MP: 2/2
   173 | D:1      | Slain by a kobold

Illustrated notes

Levels and vault maps discovered:
D:1:      minmay_arrival_three_doors, layout_loops_ring

Action                     || total
---------------------------++-------
  Melee: Unarmed           ||    17
         Bite              ||     7
 Armour: Robe              ||     1
  Dodge: Dodged            ||     2

Table legend: (Time is in decaauts)
 A = Elapsed time spent in this place.
 B = Non-inter-level travel time spent in this place.
 C = Inter-level travel time spent in this place.
 D = Time resting spent in this place.
 E = Time spent auto-exploring this place.
 F = Levels seen in this place.
 G = Mean time per level.
                   A        B        C        D        E       F      G
               +--------+--------+--------+--------+--------+-----+--------+
         Total |    172 |    172 |      0 |      0 |    138 |   1 |  172.0 |
       Dungeon |    172 |    172 |      0 |      0 |    138 |   1 |  172.0 |
               +--------+--------+--------+--------+--------+-----+--------+

Top non-repeatable levels by time:
     D:1: 172 daAuts
